[Event "NJSK 2018 Jeugd B"]
[Site "Assen, Netherlands"]
[Date "2018.05.02"]
[Round "4.3"]
[White "Kouwenhoven, Derk"]
[Black "Wedda, Dries"]
[Result "1-0"]
[TimeControl "40/90m+30m+30sec/move"]
[WhiteElo "2091"]
[BlackElo "2096"]

1. e4 c5 2. Nf3 d6 3. d4 cxd4 4. Nxd4 Nf6 5. Nc3 a6 6. Bg5 Nbd7 7. Qe2 h6 8. Bh4 g6 9. f4 e5 10.
Nf3 Qc7 11. O-O-O Be7 12. g3 O-O 13. Bh3 Nb6 14. Bxc8 Raxc8 15. Rhf1 Kg7 16. Kb1 Rfd8 17. Qf2 Qc5 18. Rd3 Rd7 19.
Qxc5 Rxc5 20. Rfd1 Rdc7 21. Bxf6+ Bxf6 22. Rxd6 Nc4 23. Rxf6 Kxf6 24. Nd5+ Rxd5 25. Rxd5 exf4 26. gxf4 Re7 27.
b3 Na3+ 28. Kb2 Nb5 29. c4 Nc7 30. Rd6+ Kg7 31. Nd2 f5 32. exf5 gxf5 33. Nf3 Ne6 34. Nh4 Kf6 35. Kc3 Rf7 36.
Rb6 Rg7 37. Nf3 Ke7 38. Rxb7+ Kd6 39. Rxg7 Nxg7 40. Nd4 1-0

[Event "NJSK 2018 Jeugd B"]
[Site "Assen, Netherlands"]
[Date "2018.05.02"]
[Round "4.4"]
[White "Hilwerda, Jonas"]
[Black "Achuthan, Dylan"]
[Result "1-0"]
[TimeControl "40/90m+30m+30sec/move"]
[WhiteElo "2108"]
[BlackElo "1673"]

1. e4 c5 2. Nf3 Nc6 3. d4 cxd4 4.
Nxd4 e5 5. Nb5 d6 6. N1c3 a6 7. Na3 b5 8. Nd5 Nge7 9. Bd3 Nxd5 10. exd5 Ne7 11. c4 g6 12. cxb5 Bg7 13. O-O O-O 14.
bxa6 f5 15. Qe2 f4 16. f3 Nf5 17. Bxf5 Rxf5 18. Qf2 Bxa6 19. Rd1 h5 20. Nb1 h4 21. h3 Bf6 22. Nc3 Qd7 23. Ne4 Bd8 24.
Kh2 Qe7 25. b3 Rb8 26. Ba3 Bc7 27. Qa7 Bb5 28. Nxd6 Bxd6 29. Qxb8+ Bxb8 30. Bxe7 Ba7 31. d6 Bd7 32. Rac1 Bf2 33.
Rc7 Bg3 34. Kg1 Be8 35. Rc8 Kf7 36. Rxe8 Kxe8 37. d7+ Kxe7 38. d8=Q+ Kf7 39. Rd7+ Ke6 40. Qe7# 1-0

[Event "NJSK 2018 Jeugd B"]
[Site "Assen, Netherlands"]
[Date "2018.05.02"]
[Round "4.5"]
[White "Honkoop, Gilian"]
[Black "Grutter, Tim"]
[Result "1-0"]
[TimeControl "40/90m+30m+30sec/move"]
[WhiteElo "1889"]
[BlackElo "1974"]

1. d4 Nf6 2. Bf4 d6 3. Nc3 Nbd7 4.
e4 e5 5.
Bg3 exd4 6. Qxd4 g6 7. O-O-O Bg7 8. f4 O-O 9. Nf3 Nc5 10. e5 Nfd7 11. Bh4 Qe8 12. Nd5 Ne6 13. Qd2 Ndc5 14.
b4 Qa4 15. bxc5 Qxa2 16. Qc3 Nxc5 17. Bc4 Qa4 18. Rhe1 b5 19. Bb3 Qa3+ 20. Qb2 Qa5 21. Bf6 Ne6 22. exd6 cxd6 23. Rxe6 fxe6 24.
Bxg7 Rf7 25. Bf6 Bd7 26. Ng5 exd5 27. Bxd5 Raf8 28. Bh8 1-0

[Event "NJSK 2018 Jeugd B"]
[Site "Assen, Netherlands"]
[Date "2018.05.02"]
[Round "4.6"]
[White "Noordenbos, Daan"]
[Black "Emans, Job"]
[Result "1/2-1/2"]
[TimeControl "40/90m+30m+30sec/move"]
[WhiteElo "1763"]
[BlackElo "1803"]

1. e4 e6 2. d4 d5 3. Nc3 Nf6 4. Bg5 Be7 5. e5 Nfd7 6. Bxe7 Qxe7 7. f4 a6 8. Nf3 c5 9. Qd2 Nc6 10.
dxc5 Nxc5 11. O-O-O Bd7 12. Bd3 Rc8 13. Kb1 Nxd3 14. cxd3 Qb4 15. Rhe1 b5 16. h3 Qa5 17. f5 b4 18.
Ne2 exf5 19. Qg5 Kf8 20. Nf4 Be6 21. g4 Qd8 22. Qh5 g6 23. Qh6+ Kg8 24. Ng5 Qf8 25. Qxf8+ Kxf8 26. Ngxe6+ fxe6 27. Nxe6+ Ke7 28.
gxf5 gxf5 29. Nf4 d4 30. Rc1 Rhg8 31. Nd5+ Ke6 32. Nf4+ Ke7 33. Rc5 Rg3 34. Nd5+ Ke6 35. Nb6 Rc7 36.
Rec1 Rxd3 37. Rxc6+ Rxc6 38. Rxc6+ Kxe5 39. Rh6 f4 40. Kc2 Rg3 41. Nc4+ Kd5 42. Nd2 d3+ 43. Kb3 Rg2 44. Nf3 Ke4 45.
Nh4 Rg3 46. Rxh7 f3 47. Re7+ Kf4 48. Rf7+ Ke4 1/2-1/2

[Event "NJSK 2018 Jeugd B"]
[Site "Assen, Netherlands"]
[Date "2018.05.02"]
[Round "4.7"]
[White "Gevorkjan, Lewon"]
[Black "Cchung, Chi Yun"]
[Result "0-1"]
[TimeControl "40/90m+30m+30sec/move"]
[WhiteElo "1821"]
[BlackElo "1783"]

1. Nf3 Nf6 2. e3 g6 3. b3 Bg7 4. Bb2 O-O 5. Be2 b6 6. O-O Bb7 7. c4 d6 8. Nc3 Ne4 9. Qc2 Nxc3 10.
Bxc3 e5 11. d3 Nd7 12. Nd2 f5 13. Bf3 Bxf3 14. Nxf3 g5 15. Nd2 g4 16. Rad1 Qh4 17. Kh1 Rf6 18. g3 Qh3 19. Rg1 Rh6 20.
Rg2 Rf8 21. f3 Nc5 22. b4 Ne6 23. Rf1 f4 24. exf4 exf4 25. Bxg7 Kxg7 26. Qb2+ Kg8 27. Rff2 fxg3 28. Rf1 Qxh2 29.
Rxh2 Rxh2 30. Kg1 Nf4 31. Rf2 Rxf2 0-1

[Event "NJSK 2018 Jeugd B"]
[Site "Assen, Netherlands"]
[Date "2018.05.02"]
[Round "4.8"]
[White "Ypma, Jord"]
[Black "Bruggink, Tycho"]
[Result "1/2-1/2"]
[TimeControl "40/90m+30m+30sec/move"]
[WhiteElo "1737"]
[BlackElo "1899"]

1. d4 Nf6 2. Bf4 e6 3. e3 b6 4. Nf3 Bb7 5. Nbd2 d5 6. Bd3 Nbd7 7. O-O Be7 8. Ne5 Nxe5 9. Bxe5 Bd6 10.
Nf3 O-O 11. c3 Nd7 12. Bf4 h6 13. Qe2 Qf6 14. Bxd6 cxd6 15. Bb5 Rfd8 16. Rfe1 Nf8 17. a4 e5 18. Ba6 Bc6 19. Bb5 Bb7 20.
Ba6 Bc6 21. Bb5 Bb7 22. Ba6 1/2-1/2

[Event "NJSK 2018 Jeugd B"]
[Site "Assen, Netherlands"]
[Date "2018.05.03"]
[Round "5.1"]
[White "Kouwenhoven, Derk"]
[Black "De Boer, Eelke"]
[Result "0-1"]
[TimeControl "40/90m+30m+30sec/move"]
[WhiteElo "2091"]
[BlackElo "2318"]

1. e4 c5 2. Nf3 d6 3. d4 cxd4 4. Nxd4 Nf6 5. Nc3 a6 6. Bg5 Nbd7 7. Qe2 h6 8. Bh4 g6 9. f4 e5 10.
fxe5 dxe5 11. O-O-O Qc7 12. Nb3 b5 13. Qf3 Bg7 14. a3 Bb7 15. Kb1 O-O 16. g4 Rac8 17. Be2 Nxe4 18. Nd5 Qxc2+ 19. Ka1 Bxd5 20. Rxd5 Nec5 21. Nxc5 Nxc5 22. Bd1 Qc1+ 23. Ka2 e4 24. Qg2 Qc4+ 0-1

[Event "NJSK 2018 Jeugd B"]
[Site "Assen, Netherlands"]
[Date "2018.05.03"]
[Round "5.2"]
[White "Tang, Charlie"]
[Black "Hilwerda, Jonas"]
[Result "0-1"]
[TimeControl "40/90m+30m+30sec/move"]
[WhiteElo "2127"]
[BlackElo "2108"]

1. e4 e5 2. Nf3 Nc6 3. Bb5 a6 4. Ba4 Nf6 5. O-O Be7 6. Re1 b5 7. Bb3 d6 8. c3 O-O 9. h3 Na5 10. Bc2 c5 11. d4 Qc7 12.
Nbd2 cxd4 13. cxd4 Nc6 14. Nb3 a5 15. Be3 a4 16. Nbd2 Nb4 17. Bb1 Bd7 18. Nf1 Rac8 19. Qd2 Na6 20.
Bd3 Qb7 21. d5 Nc5 22. Ng3 Nxd3 23. Qxd3 Nxe4 24. Nxe4 f5 25. Ned2 f4 26. Bd4 Bf5 27. Qe2 Bf6 28. Ne4 Bxe4 29.
Qxe4 exd4 30. Nxd4 Rfe8 31. Ne6 Bxb2 32. Rab1 a3 33. Qd3 b4 34. Nxf4 b3 35. Ne6 bxa2 36. Rbd1 a1=Q 37. Rxa1 Bxa1 38.
Rxa1 Ra8 39. Ng5 g6 40. Rxa3 Rxa3 41. Qxa3 Qxd5 42. h4 Re1+ 43. Kh2 Qe5 0-1

[Event "NJSK 2018 Jeugd B"]
[Site "Assen, Netherlands"]
[Date "2018.05.03"]
[Round "5.3"]
[White "Bruil, Rembrandt"]
[Black "Cchung, Chi Yun"]
[Result "1-0"]
[TimeControl "40/90m+30m+30sec/move"]
[WhiteElo "1998"]
[BlackElo "1783"]

1. d4 Nf6 2. Bf4 d5 3. e3 c5 4.
c3 Nc6 5. Nd2 Qb6 6. Qc2 g6 7. Bd3 c4 8. Be2 Bf5 9. Qc1 Na5 10. Ngf3 Bg7 11. O-O O-O 12. Ne5 Qe6 13. b3 b5 14.
a4 a6 15. Qa3 Ne4 16. Nxe4 Bxe4 17. axb5 Nxb3 18. Ra2 g5 19. Bxg5 f6 20. f3 fxg5 21. fxe4 Rxf1+ 22. Bxf1 Bxe5 23.
exd5 Qf5 24. Qxe7 Bxh2+ 25. Kxh2 Qxf1 26. Qxg5+ Kh8 27. Rxa6 Rf8 28. Ra7 Qf6 29. Qxf6 Rxf6 30. Ra6 Rf5 31.
e4 Rf4 32. d6 Nc1 33. d7 Ne2 34. d8=Q Kg7 35. Qg5+ Kf7 36. Qh5+ 1-0

[Event "NJSK 2018 Jeugd B"]
[Site "Assen, Netherlands"]
[Date "2018.05.03"]
[Round "5.4"]
[White "Wedda, Dries"]
[Black "Honkoop, Gilian"]
[Result "1/2-1/2"]
[TimeControl "40/90m+30m+30sec/move"]
[WhiteElo "2096"]
[BlackElo "1889"]

1. d4 Nf6 2. c4 e6 3. g3 d5 4. Nf3 Be7 5. Bg2 O-O 6.
O-O dxc4 7. Qc2 c6 8. Qxc4 b5 9. Qd3 Bb7 10. a4 a6 11. Bd2 b4 12. a5 c5 13. Bg5 Nbd7 14. Nbd2 h6 15.
Bxf6 Bxf6 16. Ng5 Bxg5 17. Bxb7 Ra7 18. Bg2 Ne5 19. dxe5 Qxd3 20. exd3 Bxd2 21. h4 Rd8 22. Be4 b3 23.
Ra3 Bb4 24. Rxb3 Bxa5 25. Ra3 Bb4 26. Raa1 a5 27. Rfc1 Rad7 28. Rc4 f5 29. exf6 gxf6 30. Bg6 Kg7 31. h5 Rd4 32. Rxd4 Rxd4 33.
Rd1 f5 34. Kf1 1/2-1/2

[Event "NJSK 2018 Jeugd B"]
[Site "Assen, Netherlands"]
[Date "2018.05.03"]
[Round "5.5"]
[White "Achuthan, Dylan"]
[Black "Van Randtwijk, Mick"]
[Result "1/2-1/2"]
[TimeControl "40/90m+30m+30sec/move"]
[WhiteElo "1673"]
[BlackElo "1992"]

1. e4 c5 2. Nf3 d6 3. c3 Nf6 4. Be2 Bd7 5. d3 Bc6 6. O-O Nbd7 7. Be3 g6 8. Nbd2 Bg7 9. Qc2 Rc8 10.
Rac1 O-O 11. Qb1 a6 12. d4 cxd4 13. cxd4 b5 14. d5 Bb7 15. Rxc8 Qxc8 16. Rc1 Qd8 17. Nd4 Qa8 18. N2b3 Re8 19.
f3 e6 20. dxe6 fxe6 21. Na5 d5 22. Rc7 Qd8 23. Qc1 Ba8 24. Ndc6 Qxc7 25. Ne7+ Rxe7 26. Qxc7 dxe4 27. fxe4 Bxe4 28.
Bg5 Rf7 29. Bxf6 Bxf6 30. Nb3 Nf8 31. Qb6 Bxb2 32. Qxa6 b4 33. Qc4 Bd5 34. Qxb4 Be5 35. Nd2 Rf4 36. Qa5 Bd4+ 37. Kh1 Rf2 38.
Bf3 Be3 39. Bxd5 Bxd2 40. Bxe6+ Nxe6 41. Qa8+ Rf8 42. Qa6 Re8 43. g3 Be3 44. a4 Re7 45. a5 Bc5 46. Qc4 Kf7 47. Qf1+ Ke8 48.
Qb5+ Kd8 49. Qb8+ Kd7 50. Qb5+ Kd6 51. Qa6+ Kd5 52. Qa8+ Kc4 53. Qa6+ Kb4 54. Qd3 Kxa5 55. Qc3+ Kb5 56.
Qb3+ Kc6 57. Qf3+ Kd6 58. Qd3+ Nd4 59. Qa6+ Ke5 60. Qc4 Rc7 61. Qc1 Bd6 62. Qe3+ Kd5 63. Kg2 Rc2+ 64. Kh3 Be5 65.
Qa3 h5 66. Qa5+ Ke6 67. Qa6+ Kf5 68. Qd3+ Kf6 69. Qf1+ Kg5 70. Qd3 Re2 71. Qa3 Kh6 72. Qf8 Bg7 73. Qf4 g5 74. Qd6 Kh7 75.
g4 h4 76. Qh6 Kg8 77. Qxg7+ Kxg7 1/2-1/2

[Event "NJSK 2018 Jeugd B"]
[Site "Assen, Netherlands"]
[Date "2018.05.03"]
[Round "5.6"]
[White "Grutter, Tim"]
[Black "Noordenbos, Daan"]
[Result "1-0"]
[TimeControl "40/90m+30m+30sec/move"]
[WhiteElo "1974"]
[BlackElo "1763"]

1. e4 e6 2. d4 d5 3. Nd2 Nf6 4. e5 Nfd7 5. Bd3 c5 6. c3 Nc6 7. Ne2 Be7 8. O-O Qb6 9. Nf3 h6 10.
Kh1 g5 11. Ne1 c4 12. Bc2 f5 13. exf6 Nxf6 14. Bg6+ Kd8 15. f4 Rg8 16. Qc2 Ne8 17. Nf3 g4 18. Ne5 Nxe5 19. fxe5 Bg5 20.
b3 Ng7 21. bxc4 dxc4 22. Ng3 Bh4 23. Ne4 Nf5 24. Bxf5 exf5 25. Nd6 Bd7 26. Rb1 Qc6 27. Nxb7+ 1-0

[Event "NJSK 2018 Jeugd B"]
[Site "Assen, Netherlands"]
[Date "2018.05.03"]
[Round "5.7"]
[White "Bruggink, Tycho"]
[Black "Emans, Job"]
[Result "0-1"]
[TimeControl "40/90m+30m+30sec/move"]
[WhiteElo "1899"]
[BlackElo "1803"]

1. e4 e6 2. d4 d5 3. exd5 exd5 4. Bd3 Bd6 5. Ne2 Ne7 6. Bf4 Nbc6 7. c3 Bf5 8. Qc2 Bxd3 9. Qxd3 Ng6 10.
Bg3 O-O 11. Nd2 Re8 12. O-O-O Qd7 13. Bxd6 Qxd6 14. g3 Rab8 15. h4 b5 16. h5 Nf8 17. g4 b4 18. c4 b3 19. a3 Ne6 20.
c5 Qe7 21. f4 Nxc5 22. dxc5 Qxe2 23. Nxb3 Na5 24. Qxe2 Nxb3+ 25. Kb1 Rxe2 26. Rxd5 Na5 27. b4 Nc4 28. Rh3 Rbe8 29. Rhd3 g6 30.
h6 Kf8 31. Rd7 Rh2 32. Rc3 Re1+ 0-1

[Event "NJSK 2018 Jeugd B"]
[Site "Assen, Netherlands"]
[Date "2018.05.03"]
[Round "5.8"]
[White "Ypma, Jord"]
[Black "Gevorkjan, Lewon"]
[Result "0-1"]
[TimeControl "40/90m+30m+30sec/move"]
[WhiteElo "1737"]
[BlackElo "1821"]

1. d4 Nf6 2. Bf4 e6 3. e3 c5 4. Nf3 Nc6 5. c3 Be7 6. h3 b6 7. Nbd2 O-O 8. Bd3 Bb7 9. O-O cxd4 10.
exd4 Nh5 11. Bh2 f5 12. Ne5 Nxe5 13. Bxe5 Nf6 14. Qe2 Qe8 15. Bxf6 Bxf6 16. f4 Kh8 17. Nf3 Rg8 18. Ba6 Bxf3 19.
Qxf3 Rb8 20. a4 Qf7 21. Be2 g5 22. fxg5 Rxg5 23. Qd3 Rbg8 24. Bf3 Rg3 25. Qe2 Rxh3 26. Kf2 Rhg3 27. Ke3 Qe7 28.
Kd2 Qd6 29. Kc2 Rc8 30. Rad1 Rg7 31. Kb1 Qc7 32. Rfe1 Qc4 33. Qc2 b5 34. axb5 Qxb5 35. Re3 Qb6 36. Re2 d5 37. Qd2 Rc6 38.
Rde1 Rd6 39. Qh6 Bg5 40. Qh5 Qc6 41. g4 f4 42. Re5 Bf6 43. Bxd5 Rxd5 0-1

[Event "NJSK 2018 Jeugd B"]
[Site "Assen, Netherlands"]
[Date "2018.05.04"]
[Round "6.1"]
[White "De Boer, Eelke"]
[Black "Hilwerda, Jonas"]
[Result "1-0"]
[TimeControl "40/90m+30m+30sec/move"]
[WhiteElo "2318"]
[BlackElo "2108"]

1. e4 e5 2. Nf3 Nc6 3. Bb5 a6 4.
Ba4 d6 5. c3 f5 6. d3 fxe4 7. dxe4 Nf6 8. O-O Bd7 9. Re1 Qe7 10. c4 g6 11. Nc3 Bg7 12. Bg5 O-O-O 13. Nd5 Qf7 14.
b4 Nxd5 15. cxd5 Ne7 16. Rc1 Bxa4 17. Qxa4 Qe8 18. b5 Kb8 19. Qc4 Rc8 20. bxa6 b6 21. Bxe7 Qxe7 22. Qc6 Ka7 23. Qb7# 1-0

[Event "NJSK 2018 Jeugd B"]
[Site "Assen, Netherlands"]
[Date "2018.05.04"]
[Round "6.2"]
[White "Tang, Charlie"]
[Black "Bruil, Rembrandt"]
[Result "1/2-1/2"]
[TimeControl "40/90m+30m+30sec/move"]
[WhiteElo "2127"]
[BlackElo "1998"]

1. e4 c5 2. Nf3 Nc6 3. d4 cxd4 4. Nxd4 g6 5. Nc3 Bg7 6. Be3 Nf6 7. Bc4 O-O 8. Bb3 e6 9. O-O d5 10.
exd5 exd5 11. f3 Be6 12. Re1 Qd7 13. Qd2 Rfe8 14. Rad1 Rac8 15. Qf2 a6 16. Nxc6 bxc6 17. Na4 Qc7 18.
Nc5 Nd7 19. Bd4 Bxd4 20. Qxd4 Qd6 21. Nxd7 Bxd7 22. Qb6 Qf6 23. c3 Qh4 24. Rxe8+ Rxe8 25. Qxa6 Re1+ 26. Rxe1 Qxe1+ 27. Qf1 Qd2 28.
Qa1 Bf5 29. h3 h5 30. a4 g5 31. a5 g4 32. hxg4 hxg4 33. fxg4 Be4 34. Qf1 Qxb2 35. Bd1 Qxc3 36. a6 Qd4+ 37.
Kh1 Qh8 38. Kg1 Qd4+ 39. Kh1 Qb6 40. Bf3 Bxf3 41. gxf3 1/2-1/2

[Event "NJSK 2018 Jeugd B"]
[Site "Assen, Netherlands"]
[Date "2018.05.04"]
[Round "6.3"]
[White "Honkoop, Gilian"]
[Black "Kouwenhoven, Derk"]
[Result "1-0"]
[TimeControl "40/90m+30m+30sec/move"]
[WhiteElo "1889"]
[BlackElo "2091"]

1. d4 Nf6 2. Bf4 c5 3. d5 d6 4. Nc3 a6 5. a4 e5 6. Bg3 Qa5 7. e3 Nbd7 8. f3 g6 9. e4 Bh6 10.
Bd3 Qb4 11. a5 c4 12. Bf1 Qxb2 13. Nge2 Nc5 14. Ra2 Qb4 15. Qa1 Nfxe4 16. fxe4 Nxe4 17. Ra3 Bg4 18. Kd1 Nf6 19. Bf2 Nxd5 20.
Ne4 Ke7 21. h3 Bxe2+ 22. Bxe2 Rac8 23. g4 f5 24. c3 Qb5 25. Bh4+ Kd7 26. gxf5 Ne3+ 27. Kc1 gxf5 28. Bg5 Bxg5 29.
Nxg5 Rhg8 30. Nxh7 Rg6 31. Kd2 Nd5 32. h4 Rh8 33. Ng5 Rxg5 34. hxg5 Rxh1 35. Qxh1 Qb2+ 36. Ke1 Qc1+ 37. Bd1 Qxa3 38. Qxd5 Qxc3+ 39. Ke2 Qb2+ 40.
Kf1 Qc1 41. g6 Qf4+ 42. Qf3 Qxf3+ 43. Bxf3 c3 44. Ke2 Ke7 45. Bxb7 e4 46. Bxa6 f4 47. g7 f3+ 48. Kd1 Kf7 49.
Bc4+ Kxg7 50. a6 d5 51. a7 dxc4 52. a8=Q f2 53. Qa7+ 1-0

[Event "NJSK 2018 Jeugd B"]
[Site "Assen, Netherlands"]
[Date "2018.05.04"]
[Round "6.4"]
[White "Van Randtwijk, Mick"]
[Black "Grutter, Tim"]
[Result "0-1"]
[TimeControl "40/90m+30m+30sec/move"]
[WhiteElo "1992"]
[BlackElo "1974"]

1. e4 c5 2. Nf3 e6 3. d4 cxd4 4. Nxd4 Nc6 5. Nc3 Qc7 6. Be3 a6 7. Be2 Nf6 8. O-O Bb4 9. Na4 O-O 10.
Nxc6 bxc6 11. Nb6 Rb8 12. Nxc8 Rfxc8 13. Bxa6 Rf8 14. Bd3 Bd6 15. f4 e5 16. f5 Rxb2 17. g4 Qa5 18. Kh1 Bc5 19.
Bg5 Be7 20. Bd2 Bb4 21. Qc1 Bxd2 22. Qxb2 Bc3 23. Qc1 Bxa1 24. Qxa1 Nxg4 25. Qc1 Qd8 26. Qd2 d5 27. Qe2 Qh4 28.
exd5 cxd5 29. a4 Ra8 30. Bb5 d4 31. Bc6 Rc8 32. Bf3 Ne3 33. Qa6 Rd8 34. Rg1 e4 35. Be2 d3 36. Qa7 Nxc2 37.
Bd1 e3 38. Bxc2 Qe4 39. Rg2 dxc2 40. Qc7 Rd1 0-1

[Event "NJSK 2018 Jeugd B"]
[Site "Assen, Netherlands"]
[Date "2018.05.04"]
[Round "6.5"]
[White "Emans, Job"]
[Black "Achuthan, Dylan"]
[Result "1-0"]
[TimeControl "40/90m+30m+30sec/move"]
[WhiteElo "1803"]
[BlackElo "1673"]

1. d4 Nf6 2. c4 g6 3. Nc3 d5 4. Nf3 Bg7 5. e3 O-O 6. Be2 e6 7. O-O c5 8. b3 Nc6 9. Bb2 Ne4 10.
cxd5 exd5 11. Na4 cxd4 12. Nxd4 Nxd4 13. Bxd4 Bh6 14. Qc2 f5 15. Nc3 Bg7 16. Bxg7 Kxg7 17. Rfd1 Be6 18. Nb5 Rc8 19.
Qb2+ Kg8 20. Rac1 a6 21. Nd4 Rxc1 22. Rxc1 Bf7 23.
Qc2 Qf6 24. Qc7 Re8 25. Qxb7 f4 26. Qxa6 Qe7 27. Qd3 Nc5 28. Qc2 Ne6 29. Nc6 Qg5 30. exf4 Nxf4 31. Bf3 Ne2+ 32. Bxe2 Rxe2 33. Qc5 Qd2 34. h3 Qf4 35.
Rd1 Be6 36. Qd4 Qg5 37. a4 Bxh3 38. Qxd5+ Qxd5 39. Rxd5 Be6 40. Rb5 Bd7 41. Rb8+ Kf7 42. Nd4 Re1+ 43.
Kh2 Rb1 44. a5 Ke7 45. Rb6 Kd8 46. b4 Kc7 47. Nb5+ Kc8 48. Nc3 Rc1 49. Ne4 Rc2 50. Kg3 Rb2 51. Nf6 h5 52. Nxd7 Kxd7 53.
a6 Ra2 54. Rxg6 1-0

[Event "NJSK 2018 Jeugd B"]
[Site "Assen, Netherlands"]
[Date "2018.05.04"]
[Round "6.6"]
[White "Gevorkjan, Lewon"]
[Black "Wedda, Dries"]
[Result "0-1"]
[TimeControl "40/90m+30m+30sec/move"]
[WhiteElo "1821"]
[BlackElo "2096"]

1. Nf3 c5 2. c4 Nc6 3. e3 Nf6 4. Nc3 g6 5. d4 cxd4 6. exd4 d5 7. c5 Bg7 8. Bb5 O-O 9. O-O Bg4 10.
Be2 b6 11. cxb6 Qxb6 12. Na4 Qc7 13. Be3 Nd7 14. Rc1 Bxf3 15. Bxf3 e6 16. Qd2 Rac8 17. Nc5 Nxc5 18. Rxc5 Qb7 19.
Rfc1 Ne7 20. Bg4 h5 21. Bh3 Rxc5 22. Rxc5 Rc8 23. Rxc8+ Nxc8 24. g3 Nd6 25. b3 Qb6 26. Qc3 Kh7 27.
a4 Ne4 28. Qd3 Qb4 29. g4 hxg4 30. Bxg4 Nc5 31. dxc5 Qxg4+ 32. Kf1 Qf3 33. Qd2 e5 34. Qc2 d4 35. c6 e4 36. Bxd4 Bxd4 37.
c7 e3 0-1

[Event "NJSK 2018 Jeugd B"]
[Site "Assen, Netherlands"]
[Date "2018.05.04"]
[Round "6.7"]
[White "Cchung, Chi Yun"]
[Black "Bruggink, Tycho"]
[Result "1/2-1/2"]
[TimeControl "40/90m+30m+30sec/move"]
[WhiteElo "1783"]
[BlackElo "1899"]

1. e4 c5 2. Nf3 d6 3. d4 cxd4 4. Nxd4 Nf6 5. Nc3 a6 6. Bg5 Qc7 7. Bxf6 gxf6 8. Nd5 Qd8 9. Qf3 Nc6 10.
O-O-O Bd7 11. Bc4 Ne5 12. Qb3 Nxc4 13. Qxc4 Rc8 14. Qb3 b5 15. Rd3 e6 16. Nc3 Qb6 17. a3 Rc4 18. Rhd1 Rg8 19.
g3 Rg5 20. f4 Rgc5 21. Nf3 Rc8 22. Rd4 Qa5 23. R4d3 b4 24. Nd2 R4c7 25. Qxb4 1/2-1/2

[Event "NJSK 2018 Jeugd B"]
[Site "Assen, Netherlands"]
[Date "2018.05.04"]
[Round "6.8"]
[White "Noordenbos, Daan"]
[Black "Ypma, Jord"]
[Result "1/2-1/2"]
[TimeControl "40/90m+30m+30sec/move"]
[WhiteElo "1763"]
[BlackElo "1737"]

1. e4 b6 2. d4 Bb7 3. Bd3 e6 4. Nf3 Nf6 5. Qe2 d5 6. e5 Ne4 7. Nbd2 Nxd2 8. Bxd2 Be7 9. c3 c5 10.
a3 Nc6 11. b4 a5 12. b5 Nb8 13. a4 Nd7 14. O-O Nf8 15. Ne1 f5 16. exf6 Bxf6 17. Nc2 Qe7 18. Qg4 c4 19. Be2 Ng6 20.
f4 O-O 21. Bc1 Qf7 22. Ne1 Bc8 23. Qh5 Bd7 24. Nf3 Be8 25. Qh3 Be7 26. g3 Qf5 27. Qxf5 exf5 28. Ba3 Bxa3 29. Rxa3 Bf7 30.
Rd1 Rfe8 31. Ne5 Rad8 32. Kf2 Ne7 33. Ra2 Kf8 34. Ke3 Ng8 35. Bf3 Nf6 36. Rc2 Bh5 37. Bxh5 1/2-1/2

[Event "NJSK 2018 Jeugd B"]
[Site "Assen, Netherlands"]
[Date "2018.05.05"]
[Round "7.1"]
[White "Grutter, Tim"]
[Black "De Boer, Eelke"]
[Result "1/2-1/2"]
[TimeControl "40/90m+30m+30sec/move"]
[WhiteElo "1974"]
[BlackElo "2318"]

1. e4 c5 2. Nf3 d6 3. Bb5+ Nd7 4. d4 Ngf6 5. Nc3 cxd4 6. Qxd4 e5 7. Qd3 h6 8. O-O a6 9. Bxd7+ Bxd7 10.
Nd2 Rc8 11. Nc4 Qc7 12. Ne3 Be6 13. Bd2 Be7 14. Rac1 Qc5 15. Ncd5 Nxd5 16. Nxd5 Bxd5 17. Qxd5 Qxd5 18. exd5 Kd7 19.
f4 exf4 20. Rxf4 Bf6 21. b3 Rhe8 22. c4 Re2 23. Bc3 Bxc3 24. Rxc3 f6 25. Rf2 Rce8 26. Rc2 Re1+ 27. Rf1 R8e2 28.
Rxe2 Rxe2 29. Rf2 Re1+ 30. Rf1 Re2 31. Rf2 Re5 32. Rf3 Ke7 33. Kf2 f5 34. Rd3 Kf6 35. g3 Re4 36. a3 b5 37.
cxb5 axb5 38. Rd1 Re8 39. a4 bxa4 40. bxa4 Ra8 41. Re1 Rxa4 42. Re6+ Kf7 43. Rxd6 Ra2+ 44. Kg1 Rd2 45. h4 Ke7 46.
Rg6 Kf7 47. Rd6 Ke7 1/2-1/2

[Event "NJSK 2018 Jeugd B"]
[Site "Assen, Netherlands"]
[Date "2018.05.05"]
[Round "7.2"]
[White "Bruil, Rembrandt"]
[Black "Emans, Job"]
[Result "1-0"]
[TimeControl "40/90m+30m+30sec/move"]
[WhiteElo "1998"]
[BlackElo "1803"]

1. d4 Nf6 2. c4 e6 3. Nc3 Bb4 4. Qc2 O-O 5. Nf3 b6 6. Bg5 Bb7 7. a3 Bxc3+ 8. Qxc3 d6 9. g3 Nbd7 10.
Bg2 h6 11. Bxf6 Nxf6 12. O-O Qe7 13. Rfe1 c5 14. Rad1 Rfd8 15. dxc5 dxc5 16. Ne5 Bxg2 17. Kxg2 Qc7 18. Qe3 Rd6 19.
Rd3 Rxd3 20. Nxd3 Rd8 21. b3 Rd4 22. Rd1 Qd6 23. f3 Kh8 24. Qd2 Qd8 25. Qc2 Qd6 26. e3 Nd5 27. cxd5 Rxd5 28.
Nf2 b5 29. Ne4 Qe5 30. Rxd5 exd5 31. Qxc5 Qb2+ 32. Nf2 Qxb3 33. Qxa7 Kg8 34. Qe7 f6 35. Qc5 Qc4 36. Qxc4 dxc4 37.
Nd1 1-0

[Event "NJSK 2018 Jeugd B"]
[Site "Assen, Netherlands"]
[Date "2018.05.05"]
[Round "7.3"]
[White "Wedda, Dries"]
[Black "Tang, Charlie"]
[Result "1/2-1/2"]
[TimeControl "40/90m+30m+30sec/move"]
[WhiteElo "2096"]
[BlackElo "2127"]

1. d4 d5 2. c4 c6 3. Nf3 Nf6 4. Qb3 Qb6 5. Nc3 Qxb3 6. axb3 Na6 7. Bf4 e6 8. e3 Nb4 9. Kd2 b6 10.
h3 Bb7 11. Be2 Be7 12. Rhc1 O-O 13. Ra4 Rfc8 14. Ne5 a5 15. g4 Rd8 16. Nd3 Rd7 17. Ne5 Rdd8 18. Nd3 Rd7 19. Ne5 Rdd8 1/2-1/2

[Event "NJSK 2018 Jeugd B"]
[Site "Assen, Netherlands"]
[Date "2018.05.05"]
[Round "7.4"]
[White "Hilwerda, Jonas"]
[Black "Honkoop, Gilian"]
[Result "1/2-1/2"]
[TimeControl "40/90m+30m+30sec/move"]
[WhiteElo "2108"]
[BlackElo "1889"]

1. d4 Nf6 2. Bf4 d5 3. e3 c5 4. Nc3 a6 5. dxc5 Nc6 6. a3 e5 7. Bg5 Be6 8. b4 b6 9. Nf3 bxc5 10.
b5 Qa5 11. Qd2 d4 12. exd4 cxd4 13. bxc6 dxc3 14. Qe2 Bd6 15. Rd1 Bc7 16. Bxf6 gxf6 17. Qe4 Qxa3 18. Qh4 Qe7 19. Qa4 Qc5 20.
Bd3 Bd5 21. Bf5 Qxc6 22. Bd7+ Qxd7 23. Qxd7+ Kxd7 24. Rxd5+ Ke6 25.
Rc5 Bd6 26. Rc4 Rhc8 27. Ra4 Rcb8 28. Ke2 Rb4 29. Rha1 Rxa4 30. Rxa4 a5 31. Ne1 f5 32. Nd3 e4 33. Nc1 Bb4 34. Nb3 Rd8 35. Ke3 Rd5 36. Ra1 Ke5 37.
g3 Ke6 38. Nd4+ Kd6 39. Nb3 Kc6 40. Nd4+ Kb6 41. Nb3 Ka6 42. Ke2 Kb5 43. Ke3 a4 44. Nd4+ Kb6 45. Rxa4 Bc5 46. g4 Bxd4+ 47. Rxd4 Kc5 48. Rxd5+ Kxd5 49.
gxf5 f6 50. f3 exf3 51. Kxf3 Ke5 52. Ke3 Kxf5 53. Kd3 Kf4 54. Kxc3 Ke3 55. Kb4 f5 56. c4 f4 57. c5 f3 58. c6 f2 59. c7 f1=Q 60. c8=Q Qf4+ 61. Kb3 Qxh2 62. Qc3 Ke4 63.
Qc4+ Kf5 64. Qf7+ Kg4 1/2-1/2

[Event "NJSK 2018 Jeugd B"]
[Site "Assen, Netherlands"]
[Date "2018.05.05"]
[Round "7.5"]
[White "Bruggink, Tycho"]
[Black "Kouwenhoven, Derk"]
[Result "0-1"]
[TimeControl "40/90m+30m+30sec/move"]
[WhiteElo "1899"]
[BlackElo "2091"]

1. e4 e5 2. Nf3 Nc6 3. Bb5 a6 4. Ba4 Nf6 5. O-O Be7 6. Re1 b5 7. Bb3 O-O 8. c3 d5 9. exd5 Nxd5 10.
Nxe5 Nxe5 11. Rxe5 c6 12. d3 Bd6 13. Re1 Qh4 14. g3 Qh3 15. Re4 Qf5 16. Nd2 Bd7 17. Nf1 Rae8 18. Rxe8 Rxe8 19.
Ne3 Nxe3 20. Bxe3 c5 21. d4 c4 22. Bc2 Qd5 23. Qe2 f5 24. f3 f4 25. Be4 Qg5 26. Bd2 Kh8 27. Qg2 Qf6 28. g4 g5 29. Qh3 h6 30. Re1 Kg7 31.
Qg2 Rh8 32. Re2 h5 33. h3 hxg4 34. hxg4 Kf8 35. Kf1 Rh4 36. Ke1 a5 37. Kd1 b4 38. Kc2 Be7 39. Bd5 Qa6 40. Qf1 Bd6 41.
Bxc4 Qc6 42. b3 Rh8 43. d5 Qc5 44. Qf2 Qxf2 45. Rxf2 Rh3 46. Bf1 Rg3 47. Bg2 bxc3 48. Be1 Be8 49.
Re2 Bg6+ 50. Kxc3 Bb4+ 51. Kd4 Bxe1 52. Rxe1 Rxg2 53. Re5 Rf2 54. Rxg5 Bb1 55. Ke5 Rxf3 56. d6 Bxa2 57. Rf5+ Ke8 58.
Rxf4 Rxb3 59. Ra4 Rb5+ 60. Kf6 Bb3 61. Re4+ Kd7 62. Re5 Bd5 63. g5 a4 64. g6 a3 65. g7 a2 66. Re7+ Kxd6 67.
Ra7 Rb1 68. Ra6+ Kc7 0-1

[Event "NJSK 2018 Jeugd B"]
[Site "Assen, Netherlands"]
[Date "2018.05.05"]
[Round "7.6"]
[White "Cchung, Chi Yun"]
[Black "Van Randtwijk, Mick"]
[Result "0-1"]
[TimeControl "40/90m+30m+30sec/move"]
[WhiteElo "1783"]
[BlackElo "1992"]

1. e4 c5 2. Nf3 d6 3. d4 cxd4 4.
Nxd4 Nf6 5. Nc3 a6 6. Bg5 Nbd7 7. f4 Qc7 8. Qf3 b5 9. O-O-O Bb7 10. g4 Rc8 11. Bd3 h6 12. Bxf6 Nxf6 13.
h4 h5 14. g5 Ng4 15. g6 fxg6 16. Qe2 e5 17. fxe5 dxe5 18. Nf3 Bc5 19. Rdf1 O-O 20. Ng5 Qb6 21. Nd5 Bxd5 22. exd5 Nf2 23.
Rh2 Nxd3+ 24. Qxd3 Rxf1+ 25. Qxf1 Rf8 26. Qd3 Be3+ 27. Kb1 Bxg5 28. hxg5 Qg1+ 0-1